 Dungeon Crawl Stone Soup version 0.19-a0-1068-g99dd0f4 (webtiles) character file.

590 CInkIbrahim the Spear-Bearer (level 7, -2/45 HPs)
             Began as an Octopode Gladiator on Aug 5, 2016.
             Was an Initiate of Hepliaklqana.
             Slain by an orc wizard
             ... wielding a +0 dagger
              (4 damage)
             ... on level 5 of the Dungeon.
             The game lasted 00:07:33 (4714 turns).

CInkIbrahim the Spear-Bearer (Octopode Gladiator)   Turns: 4714, Time: 00:07:34

Health: -2/45      AC:  1    Str: 13    XL:     7   Next: 39%
Magic:  7/7        EV: 14    Int: 10    God:    Hepliaklqana [......]
Gold:   153        SH:  0    Dex: 14    Spells: 0 memorised, 6 levels left

rFire  . . .     SeeInvis .     a - +0 trident
rCold  . . .     Gourm    .     (no shield)
rNeg   . . .     Faith    .     b - +0 hat
rPois  .         Spirit   .     g - amulet of magic regeneration
rElec  .         Dismiss  .     h - -2 ring of strength (curse)
rCorr  .         Reflect  .     k - ring of wizardry
SustAt .         Harm     .     (no ring)
MR     .....                    (no ring)
Stlth  ++........               (no ring)
                                (no ring)
                                (no ring)
                                (no ring)

@:
A: almost no armour, amphibious, 8 rings, constrict 8, camouflage 1, gelatinous
body 1
a: Recall Ancestor, Ancestor Identity, Renounce Religion


You were on level 5 of the Dungeon.
You worshipped Hepliaklqana.
Hepliaklqana was noncommittal.
You were not hungry.

You visited 2 branches of the dungeon, and saw 6 of its levels.

You collected 153 gold pieces.

Inventory:

Hand Weapons
 a - a +0 trident (weapon)
Missiles
 c - 3 throwing nets (quivered)
Armour
 b - a +0 hat (worn)
Jewellery
 g - an amulet of magic regeneration (around mantle)
 h - a cursed -2 ring of strength (left tentacle)
 k - a ring of wizardry (right tentacle)
Scrolls
 d - a scroll of noise {unknown}
 j - 2 scrolls of amnesia
 q - a scroll of identify
Potions
 e - a potion of curing
 f - 3 potions of agility
 i - 2 potions of heal wounds {unknown}
 l - 2 potions of flight
 m - a potion of berserk rage
 n - a potion of invisibility {unknown}
 o - a potion of might {unknown}
 r - a potion of brilliance {unknown}
Comestibles
 p - 2 meat rations


   Skills:
 - Level 2.0 Fighting
 + Level 8.3 Polearms
 - Level 2.0 Throwing
 - Level 3.0 Dodging


You had 6 spell levels left.
You didn't know any spells.

Dungeon Overview and Level Annotations

Branches:
Dungeon (5/15)             Temple (1/1) D:4

Altars:
Cheibriados
Fedhas
Gozag
Hepliaklqana
Kikubaaqudgha
Makhleb
Okawaru
Pakellas
Vehumet
The Shining One

Shops:
D:4 =


Innate Abilities, Weirdness & Mutations

You cannot wear most types of armour.
You are amphibious.
You can wear up to eight rings at the same time.
You can use your tentacles to constrict eight enemies at once.
Your skin changes colour to match your surroundings (Stealth+).
Your rubbery body absorbs attacks. (AC +1, EV +1)


Message History

The orc priest is moderately wounded.
You constrict the orc priest.
The orc priest mumbles some strange prayers to Beogh against you.
Pain shoots through your body!
* * * LOW HITPOINT WARNING * * *
You hit the orc priest.
The orc priest is severely wounded.
You constrict the orc priest.
The orc wizard casts a spell.
The orc wizard blinks!
The orc priest barely misses you.
You puncture the orc priest!
You kill the orc priest!
Things that are here:
a chain mail; an orc corpse The orc wizard casts a spell at you.
The magic dart hits you!
* * * LOW HITPOINT WARNING * * *
You hit the orc wizard but do no damage.
Your grab misses the orc wizard. The orc wizard hits you with a dagger.
You die...

#.# #.# #..## #.#
#.... #.# #... #.#
#..# # #.# #..# ...
#<######## #..###..#
#........####)......#
########.....R@o....#
##############


You could see the friendly Agathoclea the ancestor and an orc wizard.

Vanquished Creatures
  A phantom (D:4)
  3 orc priests
  Jessica (D:2)
  An iguana (D:4)
  Natasha (thrice) (D:2)
  An orc wizard (D:3)
  A howler monkey skeleton (D:4)
  3 adders
  2 oozes
  6 worms (D:2)
  5 dart slugs
  2 giant geckos
  9 orcs
  A ball python (D:3)
  10 bats
  7 giant cockroaches
  8 goblins
  9 hobgoblins
  7 jackals
  A quokka (D:4)
  4 giant newts
  A jackal skeleton (D:4)
  10 kobolds
  12 rats
108 creatures vanquished.

Vanquished Creatures (collateral kills)
  An ogre (D:4)
  An adder skeleton (D:4)
  A jackal (D:4)
  A giant newt (D:4)
4 creatures vanquished.

Vanquished Creatures (others)
  An ancestor (D:4)
1 creature vanquished.

Grand Total: 113 creatures vanquished

Notes
Turn   | Place    | Note
-------+----------+-------------------------------------------
     0 | D:1      | CInkIbrahim the Octopode Gladiator began the quest for the Orb.
     0 | D:1      | Reached XP level 1. HP: 14/14 MP: 1/1
   322 | D:1      | Reached XP level 2. HP: 18/19 MP: 2/2
   476 | D:1      | Reached skill level 4 in Polearms
   713 | D:1      | Reached XP level 3. HP: 23/24 MP: 3/3
  1154 | D:2      | Reached XP level 4. HP: 26/29 MP: 4/4
  1298 | D:2      | Reached skill level 5 in Polearms
  1377 | D:2      | Noticed Jessica
  1382 | D:2      | Killed Jessica
  1614 | D:2      | Reached XP level 5. HP: 32/34 MP: 5/5
  1759 | D:2      | Noticed Natasha
  1763 | D:2      | Killed Natasha
  2224 | D:3      | Reached skill level 6 in Polearms
  3148 | D:2      | Noticed Natasha
  3152 | D:2      | Killed Natasha
  3152 | D:2      | Reached XP level 6. HP: 33/39 MP: 6/6
  3158 | D:2      | Found a burning altar of Makhleb.
  3198 | D:2      | Found a glowing golden altar of the Shining One.
  3383 | D:2      | Noticed Natasha
  3387 | D:2      | Killed Natasha
  3464 | D:4      | Found a staircase to the Ecumenical Temple.
  3477 | Temple   | Entered the Ecumenical Temple
  3752 | Temple   | Became a worshipper of Hepliaklqana
  3773 | D:4      | Reached skill level 7 in Polearms
  4010 | D:4      | Noticed a phantom
  4039 | D:4      | Killed a phantom
  4039 | D:4      | Reached XP level 7. HP: 34/45 MP: 7/7
  4124 | D:4      | Found Gotiacekk's Jewellery Shoppe.
  4133 | D:4      | Reached skill level 8 in Polearms
  4689 | D:5      | Entered Level 5 of the Dungeon
  4713 | D:5      | HP: 2/45 [orc wizard/magic dart (5)]
  4714 | D:5      | Slain by an orc wizard

Vault maps used:
D:1:      dpeg_arrival_rooms_c
D:2:      lemuel_upstairs_altar, nicolae_overflow_hidden_temple, hex_medium,
          uniq_natasha, uniq_jessica
D:3:      kennysheep_generic_room_10
D:4:      serial_shops, shop
D:5:      kennysheep_mini_moat, first_bread, nicolae_zen_rock_garden
Temple:   compressed_dpeg_triangle_lava_temple

Skill      XL: |  1  2  3  4  5  6  7 |
---------------+----------------------+-----
Polearms       | 4 5 6 7 8 |  8.3
Fighting       | |  2.0
Throwing       | |  2.0
Dodging        | |  3.0

Action                   |  1- 3 |  4- 6 |  7- 9 || total
-------------------------+-------+-------+-------++-------
Melee: Trident           |    85 |   166 |    28 ||   279
       Constrict         |    20 |    30 |     8 ||    58
       Tentacles         |    13 |    26 |     7 ||    46
  Use: Scroll            |     4 |     4 |       ||     8
 Stab: Sleeping          |     5 |     7 |       ||    12
       Distracted        |       |     2 |     2 ||     4
  Eat: Chunk             |       |     3 |       ||     3
       Meat ration       |       |     1 |       ||     1
       Bread ration      |       |       |     1 ||     1
Armor: Skin              |     2 |     6 |       ||     8
Dodge: Dodged            |    47 |    57 |    10 ||   114
